Cogmind - Beta 16 @@@ ROGUE MODE // 2026.01.22 @ 13:40:14 Player: winnking222 Result: Destroyed by D-53 Grenadier with Mini Grenade Launcher Performance ------------- Evolutions (0) 0 Regions Visited (2) 400 Robots Destroyed (22) 110 Value Destroyed (605) 605 Prototype IDs (0) 0 Alien Tech Used (0) 0 Bonus (0) 0 TOTAL SCORE: 1115 Bonus ------- None Cogmind --------- Core Integrity 0/250 Matter 300/300 Energy 160/160 System Corruption 0% Temperature Cool (24) Movement Treading (160) Location -10/Mines Parts ------- > --- POWER (1) -------- Light Nuclear Core > --- PROPULSION (2) --- Light Treads Light Treads > --- UTILITY (2) ------ Large Storage Unit Seismic Detector > --- WEAPON (2) ------- Small Laser Small Laser > --- INVENTORY (15) --- Light Treads Light Treads Light Treads Compact Wheel Flight Unit Small Storage Unit Structural Scanner Light Armor Plating Small Laser Datajack Mining Laser Peak State ------------ > --- POWER ------------ Light Nuclear Core > --- PROPULSION ------- Light Treads Light Treads > --- UTILITY ---------- Large Storage Unit Seismic Detector > --- WEAPON ----------- Small Laser Assault Rifle > --- INVENTORY -------- Light Treads Light Treads Light Treads Compact Wheel Flight Unit Small Storage Unit Structural Scanner Light Armor Plating Small Laser Small Laser [Rating: 10] Favorites ----------- Power Light Nuclear Core Engine Ion Engine Power Core Light Nuclear Core Propulsion Light Treads Treads Light Treads Utility Seismic Detector Device Seismic Detector Storage Large Storage Unit Weapon Assault Rifle Energy Gun Small Laser Ballistic Gun Assault Rifle Build | -11 -10 -10 ------- Run | Yrd Mat Min Slots Evolved . | . . . Power . | . . . Propulsion . | . . . Utility . | . . . Weapon . | . . . Parts Attached 16 | 7 8 1 Power 2 | 1 1 . Engine 1 | 1 . . Core 1 | . 1 . Reactor . | . . . Propulsion 5 | 2 3 . Treads 5 | 2 3 . Leg . | . . . Wheel . | . . . Hover . | . . . Flight . | . . . Utility 3 | 2 1 . Device 1 | 1 . . Storage 2 | 1 1 . Processor . | . . . Hackware . | . . . Protection . | . . . Artifact . | . . . Weapon 6 | 2 3 1 Energy Gun 3 | 1 1 1 Energy Cannon . | . . . Ballistic Gun 3 | 1 2 . Ballistic Cannon . | . . . Launcher . | . . . Special Weapon . | . . . Impact Weapon . | . . . Slashing Weapon . | . . . Piercing Weapon . | . . . Special Melee Weapon . | . . . Unidentified Prototypes . | . . . Parts Lost 6 | . 5 1 Power 1 | . 1 . Propulsion 2 | . 2 . Utility . | . . . Weapon 3 | . 2 1 Highest Loss Streak 4 | . 4 1 To Critical Strikes . | . . . Average Backups 8 | 4 8 10 Power . | . . . Propulsion 4 | 2 4 5 Utility 2 | . 2 3 Weapon . | . . 1 Tool/Special . | . . . Unused Backups 15 | . 5 10 Power 1 | . 1 . Propulsion 8 | . 3 5 Utility 2 | . . 2 Weapon 3 | . 1 2 Tool/Special 1 | . . 1 Average Slot Usage (%) 98 | . 98 99 Engine 6 | . 8 . Core 7 | . 5 14 Treads 27 | . 27 28 Device 14 | . 14 14 Storage 14 | . 14 14 Energy Gun 11 | . 7 22 Ballistic Gun 15 | . 19 5 Peak Build Rating 10 | 7 10 10 Average Rating 8 | 5 8 9 On Entrance 5 | . 7 10 Avg Prop Armor Cover (%) . | . . . Naked Turns . | . . . Heaviest Build 30 | 14 30 29 Greatest Support 40 | 40 40 40 Greatest Overweight (x) 1 | . 1 . Average Overweight (x) . | . . . Largest Inventory Capacity 15 | 8 15 15 Average Capacity 11 | 7 10 15 Most Carried 11 | 7 11 11 Average Carried 8 | 4 8 10 Final Capacity 15 | 8 15 15 Final Carried 11 | 6 11 11 Class Distribution -------------------- 100% | Mutant Dominant Class ---------------- Mutant | -10/Materials Mutant | -10/Mines Resources | -11 -10 -10 ----------- Run | Yrd Mat Min Matter Collected 715 | 291 413 11 Remotely . | . . . Salvage Created 901 | 72 818 11 Parts 52 | 9 43 . Haulers Intercepted 1 | . 1 . Recyclers Shooed . | . . . Parts Field Recycled . | . . . Retrieved Matter . | . . . Parts Self-Destructed . | . . . Prevented . | . . . Parts Restored . | . . . Kills | -11 -10 -10 ------- Run | Yrd Mat Min Combat Hostiles Destroyed 15 | . 14 1 Guns 15 | . 14 1 Classes Destroyed 6 | 1 4 1 Tunneler 3 | 3 . . Hauler 1 | . 1 . Recycler 1 | . 1 . Watcher 3 | . 3 . Grunt 14 | . 14 . Assembled 1 | . . 1 Best Kill Streak 3 | 3 3 1 Combat Bots Only 3 | . 3 1 Max Kills in Single Turn 1 | 1 1 1 Gunslinging . | . . . Exploded . | . . . Melee . | . . . Uniques/NPCs Destroyed . | . . . Combat | -11 -10 -10 -------- Run | Yrd Mat Min Hostile Shots Fired 86 | . 86 . Missed 11 | . 11 . Hits 75 | . 75 . Projectile 75 | . 75 . AOE 5 | . . 5 Damage Taken 1100 | . 959 141 Core 258 | . 205 53 Absorbed by Shields . | . . . Core Remaining (%) 100 | 100 . . Volleys Fired 86 | 7 75 4 Largest 2 | 2 2 2 Hottest 80 | 60 60 80 Shots Fired 159 | 14 137 8 Gun 159 | 14 137 8 Cannon . | . . . Launcher . | . . . Special . | . . . Kinetic 124 | 7 115 2 Thermal 35 | 7 22 6 Explosive . | . . . Electromagnetic . | . . . Robot Hit Streak 13 | 4 13 1 Robot Miss Streak 5 | 2 5 3 Penetration Max . | . . . Secondary Targets 1 | . 1 . Max Gunslinging Chain 1 | . 1 . Shots Hit Robots 107 | 8 97 2 Core Hits 45 | 3 40 2 Critical Kills . | . . . Critical Parts Destroyed 1 | . 1 . Critical Strikes 1 | . 1 . Destroy 1 | . 1 . Melee Attacks . | . . . Impact . | . . . Slashing . | . . . Piercing . | . . . Sneak Attacks . | . . . Combat Hostiles . | . . . Follow-up Attacks . | . . . Damage Inflicted 1323 | 89 1214 20 Guns 1316 | 89 1207 20 Cannons . | . . . Explosions . | . . . Melee . | . . . Ramming 7 | . 7 . Kinetic 1092 | 38 1044 10 Thermal 224 | 51 163 10 Explosive . | . . . Electromagnetic . | . . . Impact . | . . . Slashing . | . . . Piercing . | . . . Highest Corruption . | . . . Average Corruption . | . . . Corruption Purged . | . . . Corruption Blocked . | . . . Overload Shots . | . . . Overflow Damage . | . . . Projectiles . | . . . Explosions . | . . . Melee . | . . . Knockbacks . | . . . Impact . | . . . Kinetic . | . . . Secondary . | . . . Self-Inflicted Damage . | . . . Shots . | . . . Rammed 2 | . 2 . Targets Rammed 2 | . 2 . Kicked . | . . . Crushed . | . . . Highest Temperature 84 | . 84 24 Average Temperature 28 | . 32 11 Received Heat Transfer 516 | . 504 12 Siege Activations . | . . . Martial Activations . | . . . Shielding Activations . | . . . Robots Disrupted . | . . . Combat Hostiles . | . . . Robots Corrupted . | . . . Combat Hostiles . | . . . Parts Fried . | . . . Impact Corruptions . | . . . Robots Melted . | . . . Combat Hostiles . | . . . Parts Melted . | . . . Heat Transferred 525 | 125 375 25 Parts Sabotaged . | . . . Parts Stolen . | . . . Parts Stripped . | . . . Power Chain Reactions . | . . . Alert | -11 -10 -10 ------- Run | Yrd Mat Min Maximum Alert Level . | . . . Low Security (%) 100 | 100 100 100 Level 1 . | . . . Level 2 . | . . . Level 3 . | . . . Level 4 . | . . . Level 5 . | . . . High Security . | . . . Max Security . | . . . Peak Influence 95 | 5 95 . Initial . | . . . Average 18 | . 26 . Influence Increases 430 | 15 415 . Destroy 0b10 Robot/C 280 | . 280 . Destroy 0b10 Robot/NC 40 | 15 25 . Destroy Leader 78 | . 78 . Successful Hack 16 | . 16 . Destroy Structure 1 | . 1 . Partial Spotted 15 | . 15 . Influence Decreases 430 | 15 415 . Time Decay 408 | 15 393 . Lost Part 22 | . 22 . Squads Dispatched 3 | . 3 . Investigation 1 | . 1 . Extermination . | . . . Reinforcement 2 | . 2 . Assault . | . . . Garrison . | . . . Intercept . | . . . Searches Triggered . | . . . Construction Impeded . | . . . Haulers Reinforced . | . . . Active Scanning Responses . | . . . Cargo Convoy Interrupts . | . . . Stealth | -11 -10 -10 --------- Run | Yrd Mat Min Distress Signals 2 | . 1 1 Communications Jammed . | . . . Distress Signals . | . . . Times Spotted 25 | . 20 5 Peak Tracking Total 3 | . 3 2 Tactical Retreats . | . . . Traps | -11 -10 -10 ------- Run | Yrd Mat Min Traps Triggered 4 | . 4 . Indirectly . | . . . Trap Hack Attempts . | . . . Triggered . | . . . Disarmed . | . . . Reprogrammed . | . . . Reused . | . . . Traps Extracted . | . . . Installed . | . . . Triggered . | . . . Machines | -11 -10 -10 ---------- Run | Yrd Mat Min Machines Disabled . | . . . Max in Single Turn . | . . . Machines Repaired . | . . . Machines Dismantled . | . . . Machines Sabotaged . | . . . Overloaded Fab Kills . | . . . Hacking | -11 -10 -10 --------- Run | Yrd Mat Min Machines Accessed 6 | . 6 . Terminals 6 | . 6 . Fabricators . | . . . Repair Stations . | . . . Recycling Units . | . . . Scanalyzers . | . . . Garrison Access . | . . . Total Hacks 15 | . 15 . Successful 11 | . 11 . Failed 4 | . 4 . Catastrophic . | . . . Database Lockouts . | . . . Manual 12 | . 12 . Terminals 15 | . 15 . Fabricators . | . . . Repair Stations . | . . . Recycling Units . | . . . Scanalyzers . | . . . Garrison Access . | . . . Terminal Hacks 2 | . 2 . Branch Access Points 1 | . 1 . Hauler Manifests 1 | . 1 . Fabricator Hacks . | . . . Repair Station Hacks . | . . . Recycling Unit Hacks . | . . . Scanalyzer . | . . . Garrison Access Hacks . | . . . Unauthorized Hacks 9 | . 9 . Terminals 9 | . 9 . Botnet 3 | . 3 . Skim 6 | . 6 . Fabricators . | . . . Repair Stations . | . . . Recycling Units . | . . . Scanalyzers . | . . . Garrison Access . | . . . Data Cores Recovered . | . . . Used . | . . . Hacking Detections 3 | . 3 . Full Trace Events 1 | . 1 . Feedback Events . | . . . Feedback Blocked . | . . . Robot Schematics Acquired . | . . . Robots Built . | . . . Authchips . | . . . Time . | . . . Total Robot Build Rating . | . . . Part Schematics Acquired . | . . . Parts Built . | . . . Authchips . | . . . Time . | . . . Total Part Build Rating . | . . . Part Studies Acquired . | . . . Parts Repaired . | . . . Time . | . . . Parts Recycled . | . . . Recycled Matter . | . . . Retrieved Matter . | . . . Retrieved Components . | . . . Parts Scanalyzed . | . . . Part Schematics Acquired . | . . . Parts Damaged . | . . . Bothacking | -11 -10 -10 ------------ Run | Yrd Mat Min Used RIF Installer . | . . . Robots Hacked . | . . . Non-combat . | . . . Combat . | . . . Robot Hacks Applied . | . . . Relay Couplers Released . | . . . Fabnet Peak Effective % . | . . . Robots Rewired . | . . . Allies Hacked . | . . . Hacks Repelled . | . . . Allies | -11 -10 -10 -------- Run | Yrd Mat Min Total Allies 4 | . . 4 Largest Group 4 | . . 4 Highest-Rated Group 71 | . . 71 Highest-Rated Ally 31 | . . 31 Total Orders . | . . . Ally Attacks 13 | . . 13 Total Damage 112 | . . 112 Kills 2 | . . 2 Allies Corrupted . | . . . Allies Melted . | . . . Intel | -11 -10 -10 ------- Run | Yrd Mat Min Active Infowar (turns) 1762 | 16 1289 457 Seismic 1762 | 16 1289 457 Robot Analysis Total . | . . . Derelict Logs Recovered . | . . . Drone Launches . | . . . Drone Recoveries . | . . . Exploration | -11 -10 -10 ------------- Run | Yrd Mat Min Turns Passed 1868 | 122 1289 457 Spaces Moved 820 | 59 526 235 Core 11 | 11 . . Treads 809 | 48 526 235 Legs . | . . . Wheels . | . . . Hover . | . . . Flight . | . . . Fastest Speed 50 | 50 160 160 Average Speed 158 | 139 160 160 Slowest Speed 240 | 160 240 160 Overloaded Moves . | . . . Propulsion Burnouts . | . . . Robots Hopped . | . . . Potential Cave-ins . | . . . Cave-ins Triggered . | . . . Exploration Rate (%) 42 | 6 85 37 Regions Visited 2 Branch Regions 1 Pre-discovered Areas . | . . . Known Exits Taken 1 | . 1 . Unknown Exits Taken 1 | 1 . . Scrap Searched . | . . . Spaces Dug . | . . . Terrain Destroyed . | . . . Melee . | . . . Projectile . | . . . AOE . | . . . Terrain Rammed . | . . . Walls Destroyed . | . . . Machines Disabled . | . . . Actions | -11 -10 -10 --------- Run | Yrd Mat Min Total 1228 | 84 836 308 Wait 270 | . 203 67 Move 818 | 58 525 235 Hop . | . . . Pick Up 27 | 12 14 1 Fast Attach 2 | 1 1 . Attach 11 | 6 4 1 Detach . | . . . Swap 4 | . 4 . Drop 8 | . 8 . Fire 86 | 7 75 4 Melee . | . . . Ram . | . . . Kick . | . . . Crush 2 | . 2 . Escape Stasis . | . . . Rewire . | . . . Trap . | . . . Miscellaneous . | . . . Route ------- -11/Scrapyard -10/Materials (discovered 5 exits: *Mat x3 / *Min / Sub) -10/Mines (discovered 1 exit: Mat) History --------- Turn | Location | Event 50 | -11/Scrapyard | Discovered new exit (range 15) 123 | -11/Scrapyard | Entered Materials 307 | -10/Materials | Build established: Mutant 571 | -10/Materials | Core integrity fell below 50% 698 | -10/Materials | Discovered new exit (range 13) 922 | -10/Materials | Core integrity fell below 20% 942 | -10/Materials | Lost 4 parts (1p2n1w) 977 | -10/Materials | Discovered new exit (range 7) 1001 | -10/Materials | Identified exit to Mines 1169 | -10/Materials | Learned Storage emergency access door positions 1217 | -10/Materials | Identified exit to Subcaves 1254 | -10/Materials | Identified exit to Materials 1295 | -10/Materials | Learned Storage non-interactive machine intel 1302 | -10/Materials | Learned location of 2 exits from Subcaves 1412 | -10/Materials | Entered Mines 1413 | -10/Mines | Assembled infested the area 1422 | -10/Mines | Assisted by bots powering up and referring to "LRC-V3" 1820 | -10/Mines | Received a Mining Laser from a helpful Derelict 1869 | -10/Mines | Destroyed by D-53 Grenadier with Mini Grenade Launcher Last Messages --------------- 01589_ Acquired 10 matter. 01605_ as-17888 destroyed. 01608_ Acquired 1 matter. 01768_ T-07 Excavator is excavating. 01818_ A derelict emerges from the shadows: "What are you doing alone down here?" 01820_ CB-SWS(g): "And why aren't you carrying a mining laser?! Certainly you don't want THEM to uncover you when the ceiling comes crashing down? Here, take my spare." 01822_ Acquired Mining Laser. 01823_ CB-SWS(g): "You're apparently new around these parts, I'll cover you." 01829_ CB-SWS(g): "Mining lasers are a lot more useful than you might think..." 01849_ T-07 Excavator is excavating. 01864_ Mercenary 1a destroyed. 01864_ Plasma Injector explodes. 01864_ Trooper 1a destroyed. 01866_ Trooper 1b destroyed. 01869_ CB-SWS(g) destroyed. Map ----- +----------------------------------------------------+ | ????????# %#?????????????????????? | | ????????# ##### #?????????????????????? | | ????????# #?## ##????????????????????? | | ????????# ### #????????????????????? | | ???????## ##???????????????????? | | ???????# ##??????????????????? | | ???????# ##### ##?????????????????? | | ??????## ##???## #?????????????????? | | ????### #?????## ##????????????????? | | ???## ##??????## ##???????????????? | | ???# ##????????# #???????????????? | | ???## ##?????????## ##??????????????? | | ????####???????????## ##?????????????? | | ????????????????????# ##????????????? | | ???????????????????## #????????????? | | ????###??########?## #????????????? | | ????# ### ### #????????????? | | ????# ##???????????? | | ????# ###?????????? | | ?????# d #???????? | | ??????# * d ## #???????? | | ??????## ### ##??????????? | | ??####?####; % ###??##???????????? | | ?## ##????## = #?????????????????? | | ?# ###???# !* #?????????????????? | | ?# ##??# @ #?????????????????? | | ?# #??## # ##?????????????????? | | ??# ###### ##?????????????????????? | | ??## #### #??????????????????????? | | ???## #??# ### #?????????????????????? | | ????# #??# #?# #?????????????????????? | | ????# #??# #? #????????????????????? | | ????# #### #? #????????????????????? | | ????# ### #????????????????????? | | ????########?### #????????????????????? | | ????????????????###????????????????????? | | ???????????????????????????????????????? | | ???????????????????????????????????????? | | | | | | | | | | | | | | | | | | | | | | | | | +----------------------------------------------------+ Best States ------------- Heat Dissipation 25 Energy Generation 14 Energy Capacity 250 Matter Stores 300 Matter Capacity 300 Sight Range 16 Terrain Scan Density 10 Evasion (%) 50 Recoil Reduction 2 Item Schematics ----------------- None Robot Schematics ------------------ None Fabricated ------------ Nothing Repaired ---------- Nothing Studied --------- None Alien Tech Used ----------------- None Achievements -------------- None Challenges ------------ None Game ------ Seed HeatTrackerRifle Manual? 0 Play Time 00:08:48 Cumulative 226.5 hours Start 2026.01.22 @ 13:32:46 End 2026.01.22 @ 13:40:14 Sessions 1 Manual Loads 0 Difficulty Rogue Special Mode None Game No. 315 Rogue 315 Adventurer 0 Explorer 0 Win Type - Total 3 Types 2/0/0/1/0/0/0/0/0/0 Lore% 75 Gallery% 74 Achievement% 51 Wizard Run 0 Options --------- Layout 0 ASCII 0 Keyboard 0 Movement Mouse Keybinds 0 Fullscreen 1 Font 16/SmallcapsGlow Map View 75x55 Zoom Use 0% Tactical HUD 1 Map Filters NONE Filters NONE Steam 1 RUN: 18513cc2-e9b6-4e72-86c1-81a333b09e1c